Map: Temple of the Past

Players

sonmin

  • Race: Terran Terran

NamroodTuo

  • Race: Terran Terran
  • Spawn Location: 0:00

VOD

Have the link to the VOD?

Description

Time

  • Played on: March 31, 2023, 6:13 a.m.
  • Length: 26:31
Show
View Real Time Build Order
Export as new Build Order

sonmin Terran 

Build Orders:  

Get SALT Encoding   

  12  0:05  Starport Tech Lab  
  12  0:14  Supply Depot  
  13  0:24  SCV  
  14  0:40  SCV  
  14  0:47  Refinery  
  14  0:53  Refinery  
  14  0:57  SCV  
  16  1:14  SCV  
  16  1:29  Assault Galleon  
  17  1:31  SCV  
  17  1:48  SCV  
  18  1:53  Assault Galleon  
  18  2:05  SCV  
  20  2:22  SCV  
  20  2:33  Reaper  
  20  2:39  SCV  
  22  2:43  Reaper  
  23  3:29  Command Center  
  23  3:54  Refinery  
  23  3:58  SCV  
  24  4:04  Reaper  
  24  4:05  Reaper  
  26  4:15  SCV  
  28  4:32  SCV  
  28  4:34  Armory  
  28  4:48  SCV  
  29  4:57  Refinery  
  29  5:05  SCV  
  30  5:28  Unregistered Cloak System  
  30  5:37  SCV  
  31  5:42  Supply Depot  
  32  5:54  SCV  
  32  5:59  Fusion Core  
  33  6:11  SCV  
  33  6:16  Supply Depot  
  33  6:17  SCV  
  34  6:28  SCV  
  36  6:34  SCV  
  36  6:45  SCV  
  36  6:49  Supply Depot  
  37  6:59  Trigger Override  
  37  7:09  Armory  
  44  7:22  SCV  
  44  7:27  Drone Hangar x2  
  44  7:39  SCV  
  45  7:50  Napalm Payload  
  45  7:56  SCV  
  47  8:02  Multi-Threaded Sensors  
  47  8:04  SCV  
  48  8:13  SCV  
  48  8:21  SCV  
  45  8:38  SCV  
  46  8:43  Supply Depot  
  46  8:53  Overcharged Reactor  
  46  9:05  Tactical Jump  
  46  9:14  Supply Depot  
  46  9:18  SCV  
  47  9:35  SCV  
  48  9:45  Supply Depot  
  49  9:52  SCV  
  49  10:09  SCV  
  50  10:10  Horner Weapons Level 1  
  50  10:11  Horner Armor Level 1  
  50  10:18  Supply Depot  
  60  10:22  Strike Fighter Platform  
  60  10:23  Strike Fighter Platform  
  60  10:25  Strike Fighter Platform  
  60  10:26  SCV  
  60  10:28  Strike Fighter Platform  
  60  10:29  Strike Fighter Platform  
  71  10:41  Theia Raven  
  71  10:49  Supply Depot  
  73  10:58  Strike Fighter Platform  
  73  11:01  Strike Fighter Platform  
  73  11:02  Strike Fighter Platform  
  73  11:06  Strike Fighter Platform  
  73  11:07  Strike Fighter Platform  
  73  11:29  Supply Depot  
  73  11:38  Asteria Wraith  
  81  12:00  Supply Depot  
  81  13:03  Asteria Wraith  
  89  13:30  Horner Weapons Level 2  
  89  13:32  Horner Armor Level 2  
  89  13:39  Asteria Wraith  
  97  14:05  Asteria Wraith  
  105  14:42  Asteria Wraith  
  113  15:47  Asteria Wraith  
  121  17:09  Horner Weapons Level 3  
  121  17:37  Asteria Wraith  
  129  17:54  Horner Armor Level 3  
  129  19:22  Sovereign Battlecruiser  
  135  21:13  Asteria Wraith  
  135  21:16  Sovereign Battlecruiser  
  153  22:14  Sovereign Battlecruiser  
  163  23:39  Asteria Wraith  
Show
View Real Time Build Order
Export as new Build Order

NamroodTuo Terran 

Build Orders:  

Get SALT Encoding   

  12  0:04  SCV  
  13  0:18  SCV  
  14  0:29  Supply Depot  
  14  0:35  SCV  
  15  0:49  SCV  
  16  1:05  Factory  
  16  1:09  SCV  
  17  1:22  SCV  
  18  1:36  SCV  
  18  1:38  Supply Depot  
  19  1:49  SCV, Refinery  
  19  1:57  Refinery  
  20  2:11  Supply Depot  
  20  2:38  Perdition Turret  
  20  2:40  Perdition Turret  
  20  2:45  Perdition Turret  
  20  2:48  Factory Tech Reactor  
  20  2:55  SCV  
  21  3:09  SCV  
  22  3:22  Engineering Bay  
  22  3:37  Perdition Turret  
  22  3:49  Perdition Turret  
  22  4:03  Devastation Turret  
  22  4:08  SCV  
  23  4:30  Armory  
  23  4:43  SCV  
  24  5:02  SCV  
  25  5:16  SCV  
  34  5:30  SCV  
  26  5:33  Upgrade Laser Drill Level 1  
  27  5:43  SCV  
  28  5:54  Command Center  
  28  6:09  Perdition Turret  
  28  6:19  SCV  
  29  6:32  SCV  
  30  6:45  Starport  
  30  6:57  Regenerative Bio-Steel  
  30  7:11  SCV  
  31  7:24  SCV  
  31  7:27  SCV  
  33  7:38  SCV  
  34  7:41  SCV  
  35  7:51  SCV, Spinning Dizzy  
  35  7:55  SCV  
  37  8:01  Devastation Turret  
  37  8:02  Spinning Dizzy  
  37  8:05  SCV  
  37  8:08  SCV  
  39  8:15  Perdition Turret, Devastation Turret  
  39  8:17  Perdition Turret x2  
  39  8:22  SCV  
  39  8:27  Perdition Turret  
  40  8:32  Devastation Turret  
  40  9:23  Perdition Turret  
  40  9:47  Perdition Turret  
  40  10:03  Perdition Turret  
  40  10:05  Perdition Turret, Devastation Turret  
  40  10:06  SCV  
  40  10:07  Perdition Turret  
  41  10:10  Devastation Turret  
  41  10:18  Refinery  
  41  10:20  SCV  
  41  10:24  Refinery  
  42  10:32  SCV  
  42  10:33  SCV  
  42  10:38  Devastation Turret  
  44  10:46  SCV  
  44  10:47  SCV  
  46  10:51  Perdition Turret x2, Devastation Turret  
  46  10:52  Perdition Turret  
  46  10:53  Perdition Turret x2  
  46  10:59  SCV, Perdition Turret  
  46  11:00  SCV  
  46  11:08  Perdition Turret x2, Spinning Dizzy  
  46  11:09  Perdition Turret  
  48  11:13  SCV  
  48  11:14  SCV, Spinning Dizzy x2  
  50  11:30  Devastation Turret  
  50  11:39  Perdition Turret  
  50  11:42  Starport, Perdition Turret x2  
  50  11:43  Perdition Turret, Starport Tech Reactor  
  49  11:54  Upgrade Laser Drill Level 2  
  49  12:24  Perdition Turret  
  49  12:39  Perdition Turret  
  49  12:48  Science Vessel, Wraith  
  53  12:52  Pulse Amplifier  
  53  12:55  Starport Tech Reactor  
  53  13:04  Devastation Turret  
  53  13:05  Devastation Turret  
  53  13:19  Devastation Turret  
  53  13:21  Perdition Turret  
  53  13:28  Advanced Optics  
  53  13:29  Fire-Suppression Systems  
  53  13:35  Devastation Turret  
  53  13:36  Devastation Turret x2  
  53  13:40  Devastation Turret  
  53  13:45  Supply Depot  
  53  13:47  Supply Depot  
  53  13:52  Displacement Field  
  53  13:54  Supply Depot  
  53  13:59  Supply Depot  
  53  14:07  Spinning Dizzy  
  53  14:13  SCV  
  53  14:15  Science Vessel, Wraith x2  
  60  14:27  SCV  
  61  14:32  SCV  
  62  14:40  SCV  
  62  14:46  SCV  
  64  14:54  SCV  
  64  14:58  Supply Depot  
  64  14:59  SCV  
  65  15:00  Supply Depot  
  65  15:04  Supply Depot  
  65  15:07  SCV  
  67  15:12  Supply Depot  
  67  15:13  SCV  
  68  15:21  SCV  
  68  15:23  Science Vessel, Wraith  
  68  15:24  Science Vessel  
  68  15:26  SCV  
  76  15:41  Science Vessel  
  78  15:53  Terran Vehicle and Ship Weapons Level 1  
  78  16:03  Wraith  
  80  16:10  Science Vessel  
  80  16:12  Wraith  
  84  16:41  Science Vessel  
  84  16:43  Wraith  
  88  16:52  Science Vessel, Supply Depot  
  88  16:56  Supply Depot  
  88  16:58  Wraith  
  92  17:00  KMC Auto-Loaders  
  92  17:05  Supply Depot  
  92  17:16  SCV  
  93  17:23  Wraith  
  93  17:29  Wraith  
  97  17:30  SCV  
  97  17:34  Supply Depot  
  97  17:38  Wraith  
  100  17:41  Wraith  
  100  17:46  Supply Depot  
  102  18:03  Wraith  
  102  18:09  Science Vessel  
  106  18:18  Wraith  
  108  18:30  Hi-Sec Auto Tracking  
  108  18:32  Terran Vehicle And Ship Armor Level 1  
  100  19:25  Wraith x2  
  100  19:26  Wraith x2  
  108  19:30  Structure Armor  
  108  19:33  Supply Depot  
  108  19:36  Supply Depot  
  108  19:45  Devastation Turret  
  108  19:48  Spinning Dizzy, Supply Depot  
  108  19:59  Supply Depot  
  108  20:03  Spinning Dizzy  
  108  20:05  Wraith x2  
  108  20:06  Wraith x2  
  108  20:07  Spinning Dizzy  
  108  20:08  Spinning Dizzy  
  116  20:17  Perdition Turret  
  116  20:22  Supply Depot  
  116  20:24  Supply Depot  
  116  20:29  Perdition Turret  
  116  20:43  Perdition Turret  
  116  20:45  Wraith x2  
  116  20:46  Wraith x2  
  110  21:25  Wraith x2  
  110  21:26  Wraith x2  
  118  22:05  Wraith x3  
  118  22:06  Wraith  
  126  22:12  Devastation Turret  
  126  22:13  Devastation Turret  
  126  22:15  Devastation Turret x2  
  126  22:16  Devastation Turret  
  126  22:18  Spinning Dizzy  
  126  22:38  Spinning Dizzy  
  126  22:45  Spinning Dizzy, Wraith x3  
  126  22:46  Wraith  
  126  22:47  Spinning Dizzy  
  126  22:48  Spinning Dizzy  
  126  22:49  Perdition Turret  
  134  22:50  Perdition Turret  
  134  22:51  Perdition Turret, Spinning Dizzy  
  134  22:56  Perdition Turret  
  134  22:58  Devastation Turret  
  130  23:25  Wraith  
  132  23:59  Improved Nano-Repair  
  132  24:01  Defensive Matrix  
  132  24:11  Perdition Turret  
  132  24:14  Perdition Turret  
  132  24:16  Perdition Turret  
  132  24:52  Wraith x4  
  138  25:18  Perdition Turret x2  
  138  25:22  Perdition Turret  
  138  25:24  Perdition Turret x2  
  138  25:32  Wraith x4  
Tags
 
Commander
HornerSwann
Matchup
Co-op
Replay Pack
Multiplayer
Add a new tag
Caveats
  • Supply blocks, unpowered buildings, or Contaminate may cause inaccurate times.
  • Supply counts are checked every 10 seconds.